 Dungeon Crawl Stone Soup version 0.21.1-1-g345015fe64 (webtiles) character file.

99190 DildoBatman the Bewitcher (level 16, -11/118 HPs)
             Began as a Formicid Enchanter on Apr 11, 2018.
             Was the Champion of Sif Muna.
             Killed from afar by a deep elf mage (43 damage)
             ... with a bolt of magma
             ... on level 1 of the Elven Halls.
             The game lasted 03:25:22 (35486 turns).

DildoBatman the Bewitcher (Formicid Enchanter)     Turns: 35486, Time: 03:25:23

Health: -11/118    AC: 11    Str: 26    XL:     16   Next: 75%
Magic:  9/30       EV: 16    Int: 20    God:    Sif Muna [******]
Gold:   1685       SH: 12    Dex: 11    Spells: 10/35 levels left

rFire    . . .     SeeInvis +   a - +9 broad axe of True Grit {chop, Fragile rElec Str+4 Int+4}
rCold    . . .     Gourm    .   i - +0 shield
rNeg     . . .     Faith    +   o - +0 troll leather armour
rPois    .         Spirit   .   (helmet unavailable)
rElec    +         Reflect  .   L - +2 cloak
rCorr    .         Harm     .   S - +0 pair of gloves {Str+3}
MR       ++...                  A - +0 pair of boots
Stlth    +++.......             s - amulet of faith
HPRegen  0.69/turn              w - +2 ring of evasion
MPRegen  0.22/turn              m - ring of protection from magic

@: no status effects
A: permanent stasis, dig shafts and tunnels, four strong arms, antennae 3
a: Dig, Shaft Self, Divine Energy, Channel Magic, Forget Spell, Renounce
Religion


You were on level 1 of the Elven Halls.
You worshipped Sif Muna.
Sif Muna was exalted by your worship.
You were not hungry.

You visited 5 branches of the dungeon, and saw 25 of its levels.
You also visited: Labyrinth, Ossuary and Bailey.

You collected 2758 gold pieces.
You spent 1073 gold pieces at shops.

Inventory:

Hand Weapons
 a - the +9 broad axe of True Grit (weapon) {chop, Fragile rElec Str+4 Int+4}
   (You bought it in a shop on level 1 of the Orcish Mines)

   It inflicts extra damage upon your enemies.
   It affects your strength (+4).
   It affects your intelligence (+4).
   It insulates you from electricity.
   It will be destroyed if unequipped.
 b - the +6 arbalest of Excruciating Pain {flame, rElec}
   (You found it on level 2 of the Lair of Beasts)

   It causes projectiles fired from it to burn those they strike, causing extra
   injury to most foes and up to half again as much damage against particularly
   susceptible opponents.
   It insulates you from electricity.
 d - the +4 spear of the Demagogue {freeze, rC- rN++ MR++}
   (You found it on level 15 of the Dungeon)

   It has been specially enchanted to freeze those struck by it, causing extra
   injury to most foes and up to half again as much damage against particularly
   susceptible opponents.
   It can also slow down cold-blooded creatures.
   It makes you vulnerable to cold.
   It greatly protects you from negative energy.
   It affects your resistance to hostile enchantments.
 n - a +1 shortbow of flaming
Missiles
 e - 267 arrows
 g - 243 bolts
Armour
 i - a +0 shield (worn)
 o - a +0 troll leather armour (worn)
 p - the +6 chain mail "Tuts" {Str+2}
   (You bought it in a shop on level 12 of the Dungeon)

   It affects your strength (+2).
 r - the +2 ring mail "Ampiuq" {MP-9 Int+4}
   (You found it on level 13 of the Dungeon)

   It affects your intelligence (+4).
   It affects your magic capacity (-9).
 t - a +1 leather armour of fire resistance
 A - a +0 pair of boots (worn)
 K - a +2 chain mail of magic resistance
 L - a +2 cloak (worn)
 Q - a scarf of repulsion
 S - a +0 pair of gloves of strength (worn)
Jewellery
 m - a ring of protection from magic (right hand)
 s - an amulet of faith (around neck)
 w - a +2 ring of evasion (left hand)
 E - an uncursed ring of flight
 M - an uncursed ring of protection from fire
Wands
 h - a wand of clouds (3)
Scrolls
 j - a scroll of holy word {unknown}
 l - a scroll of amnesia
 x - 5 scrolls of remove curse
 z - 18 scrolls of identify
 C - a scroll of magic mapping
Potions
 k - 8 potions of heal wounds
 q - a potion of brilliance {unknown}
 F - 11 potions of curing
 H - 4 potions of invisibility
Books
 f - Sif Muna's Catalogue of Pathos
   (Sif Muna gifted it to you on level 1 of the Elven Halls)

   Spells                             Type                      Level
   a - Throw Flame                    Conjuration/Fire             2
   b - Bolt of Magma                  Conjuration/Fire/Earth       5
   c - Agony                          Necromancy                   5
   d - Simulacrum                     Ice/Necromancy               6
   e - Death Channel                  Necromancy                   6
Comestibles
 c - 8 chunks of flesh
 v - 38 rations


   Skills:
 * Level 8.3 Fighting
   Level 1.0 Short Blades
 * Level 4.7(5.0) Axes
   Level 2.0(3.6) Maces & Flails
 * Level 7.3 Armour
 * Level 5.3 Dodging
 * Level 7.5 Stealth
 * Level 9.3 Shields
 - Level 10.1 Spellcasting
 - Level 6.0 Conjurations
 - Level 18.0 Hexes
 - Level 2.7 Charms
 - Level 5.0 Air Magic
 - Level 10.2 Earth Magic
 * Level 10.9 Poison Magic
 * Level 4.0 Evocations


You had 10 spell levels left.
You knew the following spells:

 Your Spells              Type           Power        Failure   Level  Hunger
a - Slow                  Hex            ######..     0%          2    None
b - Confuse               Hex            ######..     0%          3    None
c - Corona                Hex            ######.      0%          1    None
e - Mephitic Cloud        Conj/Pois/Air  #####...     1%          3    None
h - Swiftness             Chrm/Air       ####....     2%          2    None
j - Silence               Hex/Air        ######....   1%          5    ####...
k - Fulminant Prism       Conj/Hex       ######....   1%          4    ##.....
l - Lee's Rapid Deconstr  Erth           ######....   3%          5    ####...


Dungeon Overview and Level Annotations

Branches:
Dungeon (15/15)            Temple (1/1) D:5            Lair (6/6) D:10
 Shoals (0/4) Lair:3       Spider (0/4) Lair:4        Slime (0/5) Lair:6
    Orc (2/2) D:12            Elf (1/3) Orc:2        Vaults (0/5) D:13
 Depths (0/5) D:15

Altars:
Ashenzari
Cheibriados
Dithmenos
Elyvilon
Fedhas
Gozag
Hepliaklqana
Kikubaaqudgha
Makhleb
Nemelex Xobeh
Okawaru
Qazlal
Ru
Sif Muna
Trog
Uskayaw
Vehumet
Wu Jian
Xom
Yredelemnul
Zin
The Shining One
Beogh
Jiyva

Shops:
D:8 :   D:12 [   Orc:1 ([[(   Orc:2 :*[(


Innate Abilities, Weirdness & Mutations

You cannot be hasted, slowed, berserked, paralysed or teleported.
You can dig through walls and to a lower floor.
Your four strong arms can wield two-handed weapons with a shield.
You have a pair of large antennae on your head. (SInv)


Message History

The deep elf mage mumbles some strange words.
The deep elf mage conjures a globe of magical energy!
The deep elf knight is engulfed in noxious fumes.
A battlesphere comes into view.
The deep elf archer shoots an arrow.
The arrow hits you!!
The deep elf knight is engulfed in noxious fumes.
You see here an arrow.
The battlesphere is engulfed in blazing flames.
The deep elf mage points at you and mumbles some strange words.
The magic dart hits you!
The battlesphere fires!
The barrage of energy hits you!
The deep elf archer shoots an arrow.
The arrow hits you!
You see here an arrow.
A deep elf mage comes into view. It is wielding a long sword.
The deep elf mage points at you and mumbles some strange words.
The bolt of magma hits you!
You die...

.....##....e......##(#.#+##e##
.....##...........#{###...{##
.....##........§({(###.....##
..§.# .......e§####....{..#
..§### #......§####.........#
..E§... ........E.{{e...{....+
§.##### #.#.....e###.........#
§## #.#..*...# ##.......##
.#### #.#..###@# ##.....##
#...# #.#.. #.# ##...## ..#.#
#.#. #.# #e.e# .##.#####.#.
#.# .##..#.# #e# [##.#)## ..#
).#.### ..# #.#.# ... ....#


You could see a deep elf archer, a deep elf knight, a deep elf mage, a fire
elemental and a battlesphere.

Vanquished Creatures
  An orc warlord (Orc:2)
  Azrael (D:13)
  A minotaur (Lab)
  A yaktaur captain (D:15)
  6 hydras
  4 vault guards
  The ghost of Gargoyl the Cleaver, a journeyman CeAK of Lugonu (Lair:3)
  A rakshasa (D:15)
  A death knight (D:9)
  9 two-headed ogres
  4 centaur warriors
  A tengu warrior (D:15)
  The ghost of Xenomina the Protected, a novice HuFi (D:10)
  3 orc high priests (Orc:2)
  A deep elf knight (Elf:1)
  2 skeletal warriors (D:8)
  3 unseen horrors
  2 deep elf archers (Elf:1)
  6 orc knights
  4 orc sorcerers (Orc:2)
  13 deep elf magi
  3 oklob plants (Lair:6)
  2 manticores
  14 ugly things
  5 elephants (Lair:6)
  Maurice (D:8)
  4 cyclopes
  4 black mambas
  21 spiny frogs
  The ghost of raetorn the Grasshopper, a novice GnWr of Okawaru (D:6)
  4 gargoyles
  A yaktaur (D:15)
  6 komodo dragons
  A demonic crawler (Lair:4)
  A rime drake (Lair:3)
  2 freezing wraiths
  A tengu conjurer (D:15)
  2 polar bears
  6 trolls
  5 tyrant leeches (Lair:6)
  3 meliai (D:13)
  Prince Ribbit (D:7)
  5 slime creatures (D:14)
  6 hippogriffs
  A meliai zombie (D:13)
  11 blink frogs
  2 air elementals (Elf:1)
  7 dream sheep
  4 shadows
  A spriggan (D:7)
  3 wraiths
  50 yaks
  A vampire (D:15)
  4 wyverns
  7 fire elementals
  3 basilisks
  2 hungry ghosts
  9 vampire mosquitoes
  4 wargs
  A soldier ant (D:10)
  8 water moccasins
  A hell hound (D:14)
  An acid dragon (D:14)
  8 porcupines
  4 ice beasts
  38 orc warriors
  7 sky beasts
  2 black bears
  4 phantoms
  2 necrophages
  9 ogres
  17 centaurs
  An eye of draining (D:15)
  3 wolves
  10 crocodiles
  A gnoll sergeant (D:11)
  24 bullfrogs
  A water moccasin zombie (Ossuary)
  7 scorpions
  A wyvern skeleton (D:13)
  18 killer bees
  A wight (D:13)
  4 howler monkeys
  14 crimson imps
  2 electric eels (D:10)
  3 centaur zombies
  3 bullfrog zombies
  2 quasits
  Crazy Yiuf (D:3)
  12 hounds
  31 orc priests
  8 jellies
  35 orc wizards
  4 centaur skeletons
  A gnoll shaman (D:5)
  A bullfrog skeleton (D:4)
  6 iguanas
  10 worker ants
  2 hell rats (Lair:4)
  A big kobold zombie (Ossuary)
  A hound zombie (D:6)
  A hound skeleton (D:7)
  2 mummies (Ossuary)
  3 worker ant zombies
  17 gnolls
  7 river rats (Lair:4)
  14 adders
  3 shadow imps
  2 oozes
  8 adder zombies (Ossuary)
  3 worms
  2 dart slugs
  7 leopard geckos
  127 orcs
  2 ball pythons
  8 giant cockroaches
  9 goblins
  12 hobgoblins
  15 jackals
  8 kobolds
  5 quokkas
  A ball python skeleton (D:4)
  12 bats
  5 frilled lizards
  3 gnoll zombies (Ossuary)
  9 hobgoblin zombies (Ossuary)
  A jackal skeleton (D:3)
  4 kobold zombies (Ossuary)
  3 orc zombies (Ossuary)
  2 quokka skeletons
  7 rats
  6 fulminant prisms
  3 fungi
  2 plants
897 creatures vanquished.

Vanquished Creatures (collateral kills)
  An orc (D:8)
1 creature vanquished.

Vanquished Creatures (others)
  A catoblepas (Lair:6)
  A wizard (D:15)
  A black mamba (Lair:4)
  A bush (Lair:4)
  54 fulminant prisms
  12 fungi
  39 plants
109 creatures vanquished.

Grand Total: 1007 creatures vanquished

Notes
Turn   | Place    | Note
-------+----------+-------------------------------------------
     0 | D:1      | DildoBatman the Formicid Enchanter began the quest for the Orb.
     0 | D:1      | Reached XP level 1. HP: 13/13 MP: 3/3
   116 | D:1      | Reached skill level 1 in Fighting
   315 | D:1      | Reached XP level 2. HP: 11/21 MP: 1/5
   653 | D:1      | Reached XP level 3. HP: 28/28 MP: 6/6
   658 | D:1      | Learned a level 3 spell: Confuse
  2058 | D:2      | Reached XP level 4. HP: 35/35 MP: 7/7
  2228 | D:2      | Reached skill level 1 in Armour
  3060 | D:2      | Reached XP level 5. HP: 40/41 MP: 5/8
  3121 | D:2      | Reached skill level 1 in Evocations
  3984 | D:3      | Found a runed door.
  4758 | D:3      | Reached XP level 6. HP: 43/47 MP: 7/9
  5389 | D:4      | Noticed an ogre
  5762 | D:4      | Found a sparkling altar of Nemelex Xobeh.
  5984 | D:4      | Reached skill level 1 in Maces & Flails
  6163 | D:3      | Reached XP level 7. HP: 40/53 MP: 1/10
  6607 | D:5      | Entered Level 5 of the Dungeon
  6609 | D:5      | Found a staircase to the Ecumenical Temple.
  6620 | Temple   | Entered the Ecumenical Temple
  6686 | Temple   | Became a worshipper of Sif Muna the Loreminder
  6986 | D:4      | Reached skill level 4 in Hexes
  7250 | D:5      | Found a sacrificial altar of Ru.
  7406 | D:4      | Reached XP level 8. HP: 33/61 MP: 6/12
  7567 | D:5      | Reached skill level 5 in Fighting
  7610 | D:5      | Reached skill level 5 in Hexes
  7648 | D:5      | HP: 3/62 [poisoned by a gnoll]
  7655 | D:5      | HP: 2/62 [poisoned by a gnoll]
  7663 | D:5      | HP: 2/62 [poisoned by a gnoll]
  7898 | D:5      | Reached * piety under Sif Muna
  8078 | Temple   | Reached skill level 6 in Hexes
  8213 | D:3      | Noticed Crazy Yiuf
  8223 | D:3      | Killed Crazy Yiuf
  8368 | D:2      | Reached skill level 7 in Hexes
  8648 | D:6      | Reached skill level 8 in Hexes
  8777 | D:6      | Reached ** piety under Sif Muna
  8834 | D:6      | Noticed raetorn's ghost (novice GnWr)
  8916 | D:6      | Killed raetorn's ghost
  8916 | D:6      | Reached XP level 9. HP: 7/68 MP: 3/15
  9085 | D:6      | Reached skill level 9 in Hexes
  9510 | D:7      | Noticed Prince Ribbit
  9585 | D:7      | Reached skill level 10 in Hexes
  9642 | D:7      | Reached *** piety under Sif Muna
  9995 | D:7      | Found a glowing golden altar of the Shining One.
 10139 | D:7      | Found a hazy altar of Hepliaklqana.
 10241 | D:7      | Reached XP level 10. HP: 73/76 MP: 12/17
 10263 | D:7      | Reached skill level 5 in Stealth
 10371 | D:7      | Killed Prince Ribbit
 10371 | D:7      | Reached skill level 5 in Spellcasting
 10468 | D:8      | Reached skill level 5 in Armour
 10577 | D:8      | Reached skill level 11 in Hexes
 10601 | D:8      | Found a sand-covered staircase.
 10690 | Ossuary  | Entered an ossuary
 10853 | Ossuary  | Reached **** piety under Sif Muna
 11192 | D:8      | Found a viscous altar of Jiyva.
 11448 | D:8      | Found Dulib's Book Shoppe.
 11667 | D:8      | Noticed Maurice
 11694 | D:8      | Killed Maurice
 11694 | D:8      | Reached skill level 12 in Hexes
 11782 | D:9      | Noticed a death knight
 12054 | D:9      | Noticed a two-headed ogre
 12261 | D:9      | Noticed a skeletal warrior
 12363 | D:9      | Noticed a skeletal warrior
 12457 | D:7      | Killed a two-headed ogre
 12457 | D:7      | Reached XP level 11. HP: 51/83 MP: 19/19
 12621 | D:9      | Reached ***** piety under Sif Muna
 12621 | D:9      | Identified Taampoho's Almanac of Bewitchment (Sif Muna gifted it to you on level 9 of the Dungeon)
 12621 | D:9      | Received a gift from Sif Muna
 12661 | D:9      | Learned a level 4 spell: Fulminant Prism
 12908 | D:8      | Reached skill level 1 in Conjurations
 13000 | D:10     | Entered Level 10 of the Dungeon
 13149 | D:10     | Learned a level 5 spell: Lee's Rapid Deconstruction
 13249 | D:10     | Reached skill level 1 in Earth Magic
 13328 | D:10     | Noticed a two-headed ogre
 13361 | D:10     | Killed a two-headed ogre
 13361 | D:10     | Reached skill level 13 in Hexes
 13373 | D:10     | Noticed an unseen horror
 13393 | D:10     | Killed an unseen horror
 13583 | D:10     | Noticed an unseen horror
 13607 | D:10     | Killed an unseen horror
 13608 | D:10     | Noticed Xenomina's ghost (novice HuFi)
 13717 | D:10     | Reached skill level 5 in Earth Magic
 13817 | D:10     | Found a hazy altar of Hepliaklqana.
 14049 | D:11     | Found a blossoming altar of Fedhas.
 14189 | D:11     | Reached skill level 14 in Hexes
 14239 | D:11     | Reached XP level 12. HP: 43/91 MP: 14/21
 14343 | D:11     | Noticed a two-headed ogre
 14386 | D:11     | Killed a two-headed ogre
 14386 | D:11     | Received a gift from Sif Muna
 14435 | D:11     | Learned a level 2 spell: Swiftness
 14565 | D:11     | Learned a level 5 spell: Silence
 15198 | D:12     | Noticed a two-headed ogre
 15236 | D:12     | Killed a two-headed ogre
 15236 | D:12     | Reached skill level 1 in Charms
 15440 | D:12     | Noticed a centaur warrior
 15490 | D:12     | Killed a centaur warrior
 15490 | D:12     | Reached skill level 1 in Air Magic
 15663 | D:12     | Found Leav's Antique Armour Shop.
 16034 | D:12     | Found a staircase to the Orcish Mines.
 16649 | D:10     | Found a staircase to the Lair.
 17194 | D:9      | Noticed a two-headed ogre
 17236 | D:9      | Killed a two-headed ogre
 17236 | D:9      | Identified Sif Muna's Volume of Creation and Venom (Sif Muna gifted it to you on level 9 of the Dungeon)
 17236 | D:9      | Received a gift from Sif Muna
 18134 | D:9      | Killed a death knight
 18134 | D:9      | Reached XP level 13. HP: 84/98 MP: 13/23
 18811 | D:13     | Found a flagged portal.
 18841 | D:13     | Reached skill level 5 in Dodging
 18843 | D:13     | Got a brightly glowing ring mail
 18897 | D:13     | Identified the +2 ring mail "Ampiuq" {MP-9 Int+4} (You found it on level 13 of the Dungeon)
 18958 | Bailey   | Entered a bailey
 19472 | D:13     | Noticed a centaur warrior
 19564 | D:13     | Killed a centaur warrior
 19780 | D:13     | Identified Sif Muna's Disquisition on Doomed Flight (Sif Muna gifted it to you on level 13 of the Dungeon)
 19780 | D:13     | Received a gift from Sif Muna
 20117 | D:13     | Found a gate to the Vaults.
 20117 | D:13     | Noticed a vault guard
 20117 | D:13     | Noticed a vault guard
 20117 | D:13     | Noticed a vault guard
 20118 | D:13     | Noticed a vault guard
 20196 | D:13     | Killed a vault guard
 20337 | Lair:1   | Entered Level 1 of the Lair of Beasts
 20512 | Lair:1   | Reached skill level 5 in Conjurations
 20558 | Lair:1   | Reached skill level 10 in Earth Magic
 20811 | Lair:1   | Reached skill level 15 in Hexes
 21231 | Lair:2   | Got a brightly glowing arbalest
 21256 | Lair:2   | Found a labyrinth entrance.
 21320 | Lair:2   | Identified the +6 arbalest of Excruciating Pain {flame, rElec} (You found it on level 2 of the Lair of Beasts)
 21364 | Lab      | Entered a labyrinth
 21639 | Lab      | Noticed a minotaur
 21666 | Lab      | Killed a minotaur
 22272 | Lair:3   | Noticed Gargoyl's ghost (journeyman CeAK)
 22813 | Lair:3   | Noticed a seven-headed hydra
 23247 | Lair:4   | Noticed a five-headed hydra
 23485 | Orc:1    | Entered Level 1 of the Orcish Mines
 23485 | Orc:1    | Found Loosch's Antique Weapon Emporium.
 23503 | Orc:1    | Found Qefarap's Antique Armour Emporium.
 23566 | D:12     | Reached skill level 16 in Hexes
 24141 | Orc:1    | Reached skill level 1 in Shields
 24270 | Orc:1    | Found a roughly hewn altar of Beogh.
 24297 | Orc:1    | Reached XP level 14. HP: 77/105 MP: 16/26
 24584 | Orc:1    | Found Qaevad's Antique Weapon Emporium.
 24685 | Orc:1    | Found Feufo's Antique Armour Shoppe.
 24779 | D:12     | Bought a pitted chain mail for 247 gold pieces
 24791 | D:12     | Identified the +6 chain mail "Tuts" {Str+2} (You bought it in a shop on level 12 of the Dungeon)
 24823 | Orc:1    | Bought a jewelled broad axe for 333 gold pieces
 24827 | Orc:1    | Identified the +9 broad axe of True Grit {chop, Fragile rElec Str+4 Int+4} (You bought it in a shop on level 1 of the Orcish Mines)
 24835 | Orc:1    | Bought a ripped robe for 136 gold pieces
 24845 | Orc:1    | Identified the cursed +1 robe "Duxkuc" {rElec rF+ Str-2} (You bought it in a shop on level 1 of the Orcish Mines)
 24902 | Orc:1    | Bought an iridescent great sword for 322 gold pieces
 24903 | Orc:1    | Identified the cursed +1 great sword "Zuxefezan" {freeze, MR+ Str-4 Dex+8} (You bought it in a shop on level 1 of the Orcish Mines)
 24914 | Orc:2    | Entered Level 2 of the Orcish Mines
 25010 | Orc:2    | Identified Sif Muna's Grimoire of Combat Magic (Sif Muna gifted it to you on level 2 of the Orcish Mines)
 25010 | Orc:2    | Received a gift from Sif Muna
 25237 | Orc:2    | Found a staircase to the Elven Halls.
 25502 | Orc:2    | Reached skill level 1 in Axes
 25751 | Orc:2    | Noticed an orc warlord
 26680 | Orc:2    | Killed an orc warlord
 26680 | Orc:2    | Reached skill level 5 in Shields
 26756 | Orc:2    | Found Xiepasun's Antique Armour Emporium.
 26779 | Orc:2    | Found Onuuloil's Antique Weapon Shoppe.
 26780 | Orc:2    | Found Zemif's General Store.
 26780 | Orc:2    | Found Kottihiam's Book Emporium.
 26784 | Orc:2    | Bought a scroll of magic mapping for 35 gold pieces
 27029 | D:10     | Killed Xenomina's ghost
 27162 | Lair:3   | Found a staircase to the Shoals.
 27373 | Lair:3   | You fall through a shaft!
 27529 | Lair:3   | Killed Gargoyl's ghost
 27630 | Lair:4   | Found a hole to the Spider Nest.
 27888 | Lair:4   | Identified Sif Muna's Compendium of Confrontation (Sif Muna gifted it to you on level 4 of the Lair of Beasts)
 27888 | Lair:4   | Received a gift from Sif Muna
 28028 | Lair:4   | Reached skill level 17 in Hexes
 28757 | Lair:5   | Reached skill level 10 in Spellcasting
 28757 | Lair:5   | Reached XP level 15. HP: 110/110 MP: 0/29
 28785 | Lair:5   | Learned a level 2 spell: Slow
 29339 | Lair:6   | Entered Level 6 of the Lair of Beasts
 29927 | Lair:6   | Reached skill level 18 in Hexes
 30279 | Lair:6   | Identified Sif Muna's Papyrus of Harmful Darkness (Sif Muna gifted it to you on level 6 of the Lair of Beasts)
 30279 | Lair:6   | Received a gift from Sif Muna
 30542 | Lair:6   | Found a staircase to the Slime Pits.
 31367 | D:10     | Learned a level 3 spell: Mephitic Cloud
 31841 | D:8      | Reached skill level 1 in Poison Magic
 32474 | D:14     | Reached XP level 16. HP: 118/118 MP: 20/30
 32491 | D:14     | Noticed Azrael
 32630 | D:13     | Killed Azrael
 33187 | D:14     | Reached skill level 5 in Poison Magic
 33421 | D:15     | Entered Level 15 of the Dungeon
 33481 | D:15     | Received a gift from Sif Muna
 33938 | D:15     | Reached skill level 5 in Air Magic
 34141 | D:15     | Got an encrusted spear
 34370 | D:15     | Found a staircase to the Depths.
 34780 | D:10     | Identified the +4 spear of the Demagogue {freeze, rC- rN++ MR++} (You found it on level 15 of the Dungeon)
 34872 | Elf:1    | Entered Level 1 of the Elven Halls
 34974 | Elf:1    | Reached ****** piety under Sif Muna
 35150 | Elf:1    | Reached skill level 10 in Poison Magic
 35180 | Elf:1    | Identified Sif Muna's Catalogue of Pathos (Sif Muna gifted it to you on level 1 of the Elven Halls)
 35180 | Elf:1    | Received a gift from Sif Muna
 35486 | Elf:1    | Killed from afar by a deep elf mage

Skill      XL: |  1  2  3  4  5  6  7  8  9 10 11 12 13 14 15 16 |
---------------+-------------------------------------------------+-----
Fighting       | 1 2 3 4 5 6 7 8 |  8.3
Dodging        | 2 3 4 5 |  5.3
Armour         | 2 3 4 5 6 7 |  7.3
Stealth        | 4 6 7 |  7.5
Evocations     | 2 4 |  4.0
Maces & Flails | 1 2 |  2.0
Hexes          | 4 8 10 12 14 16 17 18 | 18.0
Spellcasting   | 4 5 6 8 10 | 10.1
Conjurations   | 2 3 5 6 |  6.0
Earth Magic    | 6 8 10 | 10.2
Charms         | 2 |  2.7
Air Magic      | 1 2 5 |  5.0
Shields        | 1 7 9 |  9.3
Axes           | 3 4 |  4.7
Poison Magic   | 2 10 | 10.9
Short Blades   | |  1.0

Action                   |  1- 3 |  4- 6 |  7- 9 | 10-12 | 13-15 | 16-18 || total
-------------------------+-------+-------+-------+-------+-------+-------++-------
Melee: Dagger            |   148 |   259 |       |       |    52 |       ||   459
       Mace              |    16 |     5 |       |       |       |       ||    21
       Whip              |       |    24 |   180 |   892 |   573 |       ||  1669
       Flail             |       |    42 |   173 |   183 |     6 |       ||   404
       Trident           |       |       |       |    30 |   130 |       ||   160
       Broad axe         |       |       |       |       |   764 |   334 ||  1098
 Fire: Shortbow          |       |       |       |     5 |     4 |       ||     9
Throw: Stone             |       |       |       |       |     2 |       ||     2
 Cast: Corona            |    46 |    92 |    75 |   116 |    84 |       ||   413
       Confuse           |       |     1 |    37 |   153 |   261 |    50 ||   502
       Lee's Rapid Decon |       |       |       |     5 |    28 |     5 ||    38
       Fulminant Prism   |       |       |       |       |    38 |    22 ||    60
       Slow              |       |       |       |       |    31 |    29 ||    60
       Mephitic Cloud    |       |       |       |       |       |    11 ||    11
Invok: Divine Energy     |       |       |       |       |     5 |       ||     5
       Stop Divine Energ |       |       |       |       |     5 |       ||     5
 Abil: Dig               |     2 |     4 |    12 |    41 |    46 |    31 ||   136
Evoke: Wand              |       |     1 |     2 |       |     1 |       ||     4
  Use: Scroll            |       |       |     8 |     3 |    13 |     1 ||    25
 Stab: Sleeping          |     4 |     4 |     2 |     4 |     7 |     1 ||    22
       Confused          |       |       |    13 |    76 |   125 |    19 ||   233
       Distracted        |       |       |       |       |       |     1 ||     1
  Eat: Chunk             |     5 |    15 |    19 |    45 |    57 |    17 ||   158
       Ration            |       |       |       |       |     3 |       ||     3
Armor: Robe              |    28 |       |       |       |       |       ||    28
       Leather armour    |    10 |    15 |       |       |       |       ||    25
       Ring mail         |       |    80 |   111 |    56 |     3 |       ||   250
       Chain mail        |       |       |       |    31 |       |       ||    31
       Troll leather arm |       |       |       |   185 |   240 |    49 ||   474
Dodge: Dodged            |   135 |   207 |   168 |   653 |   803 |   146 ||  2112
Block: Shield            |       |       |       |       |   206 |   148 ||   354
